Drummondville Voltigeurs vs Hershey Bears

Created - 9 janvier 2018 at 19:29

Goals
1 2 3 T
Drummondville Voltigeurs 1 2 0 3
Hershey Bears 2 3 3 8
Shots
1 2 3 T
Drummondville Voltigeurs 11 12 2 25
Hershey Bears 7 13 19 39

1st period

1. Hershey Bears , Chris Wagner 14 (Mike Blunden 15) at 10:36
2. Hershey Bears , Andy Miele 17 (Chris Bourque 25, Chris Wagner 17) at 12:52
3. Drummondville Voltigeurs , Derek Grant 19 (Phillip Di Guiseppe 32) at 17:29

Penalties :
Dalton Prout (BEA) for Roughing (Minor) at 19:28

2nd period

4. Drummondville Voltigeurs , Tye McGinn 28 (Tyler Pitlick 23, Chris Thorburn 3) at 0:36 (PP)
5. Drummondville Voltigeurs , Tyler Pitlick 15 (Tye McGinn 30, Kevin Connauton 15) at 5:01
6. Hershey Bears , Andrew Desjardins 9 (Cory Conacher 31) at 6:28
7. Hershey Bears , Andrew Desjardins 10 (Michael Kostka 11, Cory Conacher 32) at 10:42
8. Hershey Bears , John Hayden 11 (Cory Conacher 33) at 19:54

Penalties :
Nick Sorensen (VOL) for Roughing (Minor) at 11:23, Michael Kostka (BEA) for Slashing (Minor) at 19:45, Curtis McKenzie (VOL) for Roughing (Minor) at 19:50

3rd period

9. Hershey Bears , Colby Cave 9 (Mike Blunden 16, Carter Camper 13) at 2:37
10. Hershey Bears , John Hayden 12 (Andrew Desjardins 20) at 5:28
11. Hershey Bears , Cory Conacher 27 (Cristoval Nieves 4) at 6:43

Penalties :
Klas Dahlbeck (BEA) for Fighting (Major) at 10:23, Tye McGinn (VOL) for Fighting (Major) at 10:23

Goalie Stats

Nick Ellis (VOL), 15 saves from 20 shots - (0,750), L, 15-13-2, 39:54 minutes
Adam Wilcox (VOL), 16 saves from 19 shots - (0,842), 20:06 minutes
Mike McKenna (BEA), 22 saves from 25 shots - (0,880), W, 14-14-4, 60:00 minutes

Players Stats for Drummondville Voltigeurs

Player Name              G  A  P  +/- PIM S  H  SB GA TA FO     MP     PP MP  PK MP  
------------------------------------------------------------------------------------
Alex Grant               0  0  0  -2  0   0  0  2  1  0  0/0    21:28   0:37   0:55 
Chris Thorburn           0  1  1   1  0   0  3  0  0  1  1/1    17:17   0:38   0:00 
Curtis McKenzie          0  0  0  -4  2   4  2  1  1  1  0/0    18:28   0:34   1:04 
Derek Grant              1  0  1  -5  0   2  2  2  0  1  18/29  22:48   0:35   1:04 
Jean-Sebastien Dea       0  0  0  -2  0   0  0  0  1  0  0/3     9:08   0:00   0:06 
Julius Honka             0  0  0  -1  0   0  0  1  0  1  0/0    19:31   0:36   1:09 
Kevin Connauton          0  1  1  -2  0   0  3  1  3  3  0/0    25:29   0:37   0:55 
Kevin Rooney             0  0  0  -1  0   1  0  2  0  0  5/8    17:22   0:00   0:43 
Kevin Tansey             0  0  0  -3  0   0  3  1  0  1  0/0    14:48   0:00   0:00 
Mark Olver               0  0  0  -1  0   1  1  1  1  1  0/0    14:50   0:00   0:00 
Mike Downing             0  0  0   0  0   0  0  0  0  0  0/0     4:13   0:00   0:00 
Nick Sorensen            0  0  0  -1  2   2  1  0  2  0  0/0    16:29   0:00   0:02 
Phillip Di Guiseppe      0  1  1  -5  0   4  3  1  2  0  0/2    19:16   0:35   0:52 
Sam Henley               0  0  0  -1  0   0  1  0  1  0  0/0     6:46   0:00   0:00 
Sergei Boikov            0  0  0  -3  0   0  2  0  0  1  0/0    15:00   0:00   0:00 
Seth Helgeson            0  0  0  -1  0   0  3  0  0  0  0/0    19:31   0:36   1:09 
Tye McGinn               1  1  2   1  5   4  2  1  1  0  6/13   16:07   0:38   0:17 
Tyler Pitlick            1  1  2   1  0   7  1  1  2  3  0/0    17:28   0:38   0:00 

Players Stats for Hershey Bears

Player Name              G  A  P  +/- PIM S  H  SB GA TA FO     MP     PP MP  PK MP  
------------------------------------------------------------------------------------
Andrew Desjardins        2  1  3   3  0   5  2  1  0  1  0/0    18:39   0:59   0:07 
Andy Miele               1  0  1   2  0   3  5  0  1  0  4/13   17:38   0:35   0:18 
Brendan Gaunce           0  0  0   0  0   0  2  0  0  0  2/3     8:55   0:00   0:12 
Carter Camper            0  1  1   0  0   0  0  0  1  0  0/1    13:16   0:00   0:00 
Chris Bourque            0  1  1   2  0   1  0  0  1  2  0/0    16:02   0:27   0:00 
Chris Wagner             1  1  2   2  0   1  0  0  4  0  0/0    16:05   0:30   0:00 
Colby Cave               1  0  1   0  0   1  3  0  1  1  4/4    13:59   0:22   0:00 
Cory Conacher            1  3  4   4  0   5  4  1  2  0  0/0    20:33   1:09   0:55 
Cristoval Nieves         0  1  1   0  0   1  0  0  0  0  0/0     8:49   0:28   0:00 
Dalton Prout             0  0  0   3  2   2  2  2  1  1  0/0    25:08   1:13   0:05 
John Hayden              2  0  2   4  0   10 3  1  0  3  16/34  20:24   1:03   0:54 
Klas Dahlbeck            0  0  0   4  5   0  1  1  0  2  0/0    16:05   0:46   0:36 
Mark Fraser              0  0  0   3  0   3  2  0  0  1  0/0    17:56   0:51   0:31 
Michael Kostka           0  1  1   2  2   2  3  0  0  2  0/0    25:03   1:18   0:37 
Mike Blunden             0  2  2   0  0   3  0  0  2  0  0/0    14:11   0:34   0:00 
Nicolas Deslauriers      0  0  0   0  0   1  0  0  0  2  0/0    17:53   0:05   0:37 
Teddy Blueger            0  0  0   0  0   1  0  1  0  0  0/1     8:32   0:00   0:00 
Tyler Wotherspoon        0  0  0   0  0   0  1  1  0  0  0/0    17:42   0:00   0:00 

3 Stars

1 - Cory Conacher (BEA)
2 - Andrew Desjardins (BEA)
3 - John Hayden (BEA)

Power Play

Drummondville Voltigeurs - 1 on 2 Attempt(s) - 50,00%
Hershey Bears - 0 on 2 Attempt(s) - 0,00%

Penalty Kill

Drummondville Voltigeurs - 2 on 2 Attempt(s) - 100,00% - Score 0 goal in Penalty Kill
Hershey Bears - 1 on 2 Attempt(s) - 50,00% - Score 0 goal in Penalty Kill

Team Stat

Drummondville Voltigeurs - Hits : 27 - Faceoff Wins : 30 - Blocked Shots : 14 - Penalty Minutes : 9
Hershey Bears - Hits : 28 - Faceoff Wins : 26 - Blocked Shots : 8 - Penalty Minutes : 9

Official

Referees : Chris Rooney and Dan O'Halloran
Linesman : Brian Murphy and Brian Mach

Game Notes

Adam Wilcox enters game at 19:54 of 2nd period
Tye McGinn beats up Klas Dahlbeck at 10:23 of 3rd period

Finance

Level 1 -- Attendance: 1378 (68,90%) -- Ticket Income 48 230 $
Level 2 -- Attendance: 701 (70,10%) -- Ticket Income 10 515 $
Total Attendance: 2079 (69,30%)
Total Ticket Income: 58 745 $
Other Income: 28 785 $
Total Income: 87 530 $

Drummondville Voltigeurs

5 vs 5 Forward 
   Center                   Left Wing                Right Wing               Time % Phy DF OF 
 1 Derek Grant              Curtis McKenzie          Phillip Di Guiseppe      40     1   2  2  
 2 Tye McGinn               Chris Thorburn           Tyler Pitlick            30     1   2  2  
 3 Kevin Rooney             Mark Olver               Nick Sorensen            20     1   2  2  
 4 Jean-Sebastien Dea       Sam Henley               Derek Grant              10     1   2  2  

5 vs 5 Defense 
   Defense                  Defense                                           Time % Phy DF OF 
 1 Kevin Connauton          Alex Grant                                        40     1   2  2  
 2 Julius Honka             Seth Helgeson                                     30     1   2  2  
 3 Sergei Boikov            Kevin Tansey                                      20     1   2  2  
 4 Mike Downing             Kevin Connauton                                   10     1   2  2  

PowerPlay Forward 
   Center                   Left Wing                Right Wing               Time % Phy DF OF 
 1 Derek Grant              Curtis McKenzie          Phillip Di Guiseppe      60     1   2  2  
 2 Tye McGinn               Chris Thorburn           Tyler Pitlick            40     1   2  2  

PowerPlay Defense
   Defense                  Defense                                           Time % Phy DF OF 
 1 Kevin Connauton          Alex Grant                                        60     1   2  2  
 2 Julius Honka             Seth Helgeson                                     40     1   2  2  

Penalty Kill 4 Players Forward 
   Center                   Wing                     Time % Phy DF OF 
 1 Derek Grant              Curtis McKenzie          60     1   2  2  
 2 Phillip Di Guiseppe      Tye McGinn               40     1   2  2  

Penalty Kill 4 Players Defense
   Defense                  Defense                  Time % Phy DF OF 
 1 Kevin Connauton          Alex Grant               60     1   2  2  
 2 Julius Honka             Seth Helgeson            40     1   2  2  

Penalty Kill - 3 Players Forward 
   Forward                                           Time % Phy DF OF 
 1 Derek Grant                                       60     1   2  2  
 2 Curtis McKenzie                                   40     1   2  2  

Penalty Kill - 3 Players Defense
   Defense                  Defense                  Time % Phy DF OF 
 1 Kevin Connauton          Alex Grant               60     1   2  2  
 2 Julius Honka             Seth Helgeson            40     1   2  2  

4 vs 4 Forward 
   Center                   Wing                     Time % Phy DF OF 
 1 Derek Grant              Curtis McKenzie          60     1   2  2  
 2 Phillip Di Guiseppe      Tye McGinn               40     1   2  2  

4 vs 4 Defense
   Defense                  Defense                  Time % Phy DF OF 
 1 Kevin Connauton          Alex Grant               60     1   2  2  
 2 Julius Honka             Seth Helgeson            40     1   2  2  

Last Minutes Offensive
   Center                   Left Wing                Right Wing               Defense                  Defense                  
   Derek Grant              Curtis McKenzie          Phillip Di Guiseppe      Kevin Connauton          Alex Grant               

Last Minutes Defensive
   Center                   Left Wing                Right Wing               Defense                  Defense                  
   Derek Grant              Curtis McKenzie          Phillip Di Guiseppe      Kevin Connauton          Alex Grant               

Goaltenders
Starting : Nick Ellis               
Backup : Adam Wilcox              

Extra Forwards
Normal : Kevin Rooney, Jean-Sebastien Dea, Nick Sorensen - PP : Kevin Rooney, Jean-Sebastien Dea - PK : Nick Sorensen
Extra Defensemen
Normal : Sergei Boikov, Kevin Tansey, Mike Downing - PP : Sergei Boikov - PK : Kevin Tansey, Mike Downing
Penalty Shots
Derek Grant, Curtis McKenzie, Phillip Di Guiseppe, Tye McGinn, Chris Thorburn

Scratches
Ahti Oksanen (Healthy), Joe Cannata (Healthy)

Hershey Bears

5 vs 5 Forward 
   Center                   Left Wing                Right Wing               Time % Phy DF OF 
 1 John Hayden              Cory Conacher            Andrew Desjardins        40     1   2  2  
 2 Andy Miele               Chris Bourque            Chris Wagner             30     1   2  2  
 3 Colby Cave               Mike Blunden             Carter Camper            20     1   2  2  
 4 Brendan Gaunce           Cristoval Nieves         Teddy Blueger            10     1   2  2  

5 vs 5 Defense 
   Defense                  Defense                                           Time % Phy DF OF 
 1 Dalton Prout             Michael Kostka                                    40     1   2  2  
 2 Klas Dahlbeck            Mark Fraser                                       30     1   2  2  
 3 Tyler Wotherspoon        Nicolas Deslauriers                               20     1   2  2  
 4 Dalton Prout             Michael Kostka                                    10     1   2  2  

PowerPlay Forward 
   Center                   Left Wing                Right Wing               Time % Phy DF OF 
 1 John Hayden              Cory Conacher            Andrew Desjardins        60     1   2  2  
 2 Andy Miele               Chris Bourque            Chris Wagner             40     1   2  2  

PowerPlay Defense
   Defense                  Defense                                           Time % Phy DF OF 
 1 Dalton Prout             Michael Kostka                                    60     1   2  2  
 2 Klas Dahlbeck            Mark Fraser                                       40     1   2  2  

Penalty Kill 4 Players Forward 
   Center                   Wing                     Time % Phy DF OF 
 1 John Hayden              Cory Conacher            60     1   2  2  
 2 Andrew Desjardins        Andy Miele               40     1   2  2  

Penalty Kill 4 Players Defense
   Defense                  Defense                  Time % Phy DF OF 
 1 Dalton Prout             Michael Kostka           60     1   2  2  
 2 Klas Dahlbeck            Mark Fraser              40     1   2  2  

Penalty Kill - 3 Players Forward 
   Forward                                           Time % Phy DF OF 
 1 John Hayden                                       60     1   2  2  
 2 Cory Conacher                                     40     1   2  2  

Penalty Kill - 3 Players Defense
   Defense                  Defense                  Time % Phy DF OF 
 1 Dalton Prout             Michael Kostka           60     1   2  2  
 2 Klas Dahlbeck            Mark Fraser              40     1   2  2  

4 vs 4 Forward 
   Center                   Wing                     Time % Phy DF OF 
 1 John Hayden              Cory Conacher            60     1   2  2  
 2 Andrew Desjardins        Andy Miele               40     1   2  2  

4 vs 4 Defense
   Defense                  Defense                  Time % Phy DF OF 
 1 Dalton Prout             Michael Kostka           60     1   2  2  
 2 Klas Dahlbeck            Mark Fraser              40     1   2  2  

Last Minutes Offensive
   Center                   Left Wing                Right Wing               Defense                  Defense                  
   John Hayden              Cory Conacher            Andrew Desjardins        Dalton Prout             Michael Kostka           

Last Minutes Defensive
   Center                   Left Wing                Right Wing               Defense                  Defense                  
   John Hayden              Cory Conacher            Andrew Desjardins        Dalton Prout             Michael Kostka           

Goaltenders
Starting : Mike McKenna             
Backup : Mackenzie Skapski        

Extra Forwards
Normal : Mike Blunden, Colby Cave, Brendan Gaunce - PP : Mike Blunden, Colby Cave - PK : Brendan Gaunce
Extra Defensemen
Normal : Tyler Wotherspoon, Nicolas Deslauriers, Klas Dahlbeck - PP : Tyler Wotherspoon - PK : Nicolas Deslauriers, Klas Dahlbeck
Penalty Shots
John Hayden, Cory Conacher, Andrew Desjardins, Andy Miele, Chris Bourque

Scratches
James Wisniewski (Healthy), Matt Carle (Healthy), Tom Sestito (Healthy), Bryce Gervais (Healthy), Thomas Di Pauli (Healthy)
Justin Hickman (Healthy), Markus Eisenschmid (Healthy)

% Time on Ice - Drummondville Voltigeurs

Lines # - Real PCT - Wanted PCT - Time Play
Normal Forward
1 - 31% - 40% - 16:53
2 - 31% - 30% - 16:46
3 - 26% - 20% - 14:24
4 - 12% - 10% - 6:46
Normal Defense
1 - 34% - 40% - 18:42
2 - 31% - 30% - 17:06
3 - 27% - 20% - 14:48
4 - 8% - 10% - 4:13
PP Forward
1 - 48% - 60% - 0:35
2 - 52% - 40% - 0:38
PP Defense
1 - 51% - 60% - 0:37
2 - 49% - 40% - 0:36
PK Forward
1 - 93% - 60% - 1:55
2 - 7% - 40% - 0:09
PK Defense
1 - 44% - 60% - 0:55
2 - 56% - 40% - 1:09
PK3 Forward
1 - 0% - 60%
2 - 0% - 40%
PK3 Defense
1 - 0% - 60%
2 - 0% - 40%
44 Forward
1 - 100% - 60% - 1:54
2 - 0% - 40% - 0:00
44 Defense
1 - 65% - 60% - 1:14
2 - 35% - 40% - 0:40
Last Minute Offensive  - 0:00
Last Minute Defensive  - 0:00
Total
Forward - 60:00
Defense - 60:00

% Time on Ice - Hershey Bears

Lines # - Real PCT - Wanted PCT - Time Play
Normal Forward
1 - 32% - 40% - 17:26
2 - 28% - 30% - 15:35
3 - 24% - 20% - 13:16
4 - 16% - 10% - 8:32
Normal Defense
1 - 36% - 40% - 19:51
2 - 31% - 30% - 16:55
3 - 28% - 20% - 15:28
4 - 5% - 10% - 2:35
PP Forward
1 - 61% - 60% - 1:16
2 - 39% - 40% - 0:48
PP Defense
1 - 63% - 60% - 1:18
2 - 37% - 40% - 0:46
PK Forward
1 - 90% - 60% - 1:06
2 - 10% - 40% - 0:07
PK Defense
1 - 58% - 60% - 0:42
2 - 42% - 40% - 0:31
PK3 Forward
1 - 0% - 60%
2 - 0% - 40%
PK3 Defense
1 - 0% - 60%
2 - 0% - 40%
44 Forward
1 - 83% - 60% - 1:35
2 - 17% - 40% - 0:19
44 Defense
1 - 81% - 60% - 1:32
2 - 19% - 40% - 0:22
Last Minute Offensive  - 0:00
Last Minute Defensive  - 0:00
Total
Forward - 60:00
Defense - 60:00

Play by Play

1st period


0:01 of 1st period - John Hayden wins face-off versus Derek Grant in neutral zone.
0:26 of 1st period - Chris Wagner is hit by Kevin Connauton and loses puck.
0:51 of 1st period - Michael Kostka is hit by Mark Olver and loses puck.
1:05 of 1st period - Icing by Chris Wagner.
1:06 of 1st period - Colby Cave wins face-off versus Jean-Sebastien Dea in Hershey Bears zone.
1:35 of 1st period - Wrist shot by Cory Conacher.
1:35 of 1st period - Shot Blocked by Tye McGinn.
1:39 of 1st period - Snap shot by Cory Conacher.
1:39 of 1st period - Stopped by Nick Ellis without a rebound.
1:40 of 1st period - Derek Grant wins face-off versus Brendan Gaunce in Drummondville Voltigeurs zone.
1:57 of 1st period - Off-side.
1:58 of 1st period - Kevin Rooney wins face-off versus John Hayden in neutral zone.
2:36 of 1st period - Carter Camper is hit by Phillip Di Guiseppe and loses puck.
2:50 of 1st period - Mark Fraser is hit by Phillip Di Guiseppe and loses puck.
3:11 of 1st period - Wrist shot by Mike Blunden.
3:11 of 1st period - Stopped by Nick Ellis with a rebound.
4:09 of 1st period - Wrist shot by Curtis McKenzie.
4:09 of 1st period - Stopped by Mike McKenna without a rebound.
4:10 of 1st period - Tye McGinn wins face-off versus John Hayden in Hershey Bears zone.
4:13 of 1st period - Wrist shot by Tyler Pitlick.
4:13 of 1st period - Stopped by Mike McKenna with a rebound.
4:21 of 1st period - Snap shot by Tyler Pitlick.
4:21 of 1st period - Stopped by Mike McKenna with a rebound.
4:46 of 1st period - Nick Sorensen is hit by Michael Kostka and loses puck.
5:01 of 1st period - Snap shot by Cristoval Nieves.
5:01 of 1st period - Shot Misses the Net.
5:25 of 1st period - Wrist shot by Tyler Pitlick.
5:25 of 1st period - Stopped by Mike McKenna with a rebound.
5:40 of 1st period - Snap shot by Tyler Pitlick.
5:40 of 1st period - Deflect By Dalton Prout.
5:40 of 1st period - Stopped by Mike McKenna with a rebound.
5:42 of 1st period - Wrist shot by Tye McGinn.
5:42 of 1st period - Shot Misses the Net.
5:44 of 1st period - Slapshot by Tyler Pitlick.
5:44 of 1st period - Stopped by Mike McKenna without a rebound.
5:45 of 1st period - Kevin Rooney wins face-off versus Teddy Blueger in Hershey Bears zone.
6:10 of 1st period - Andrew Desjardins is hit by Sergei Boikov.
6:32 of 1st period - Kevin Rooney is hit by Klas Dahlbeck.
7:01 of 1st period - Kevin Tansey is hit by Dalton Prout and loses puck.
7:52 of 1st period - Snap shot by Brendan Gaunce.
7:52 of 1st period - Shot Blocked by Kevin Rooney.
8:17 of 1st period - Klas Dahlbeck is hit by Derek Grant.
8:49 of 1st period - Phillip Di Guiseppe is hit by Brendan Gaunce and loses puck.
8:56 of 1st period - Slapshot by Cristoval Nieves.
8:56 of 1st period - Shot Misses the Net.
9:53 of 1st period - Chris Thorburn is hit by John Hayden.
10:36 of 1st period - Wrist shot by Chris Wagner.
10:36 of 1st period - Goal by Chris Wagner - Drummondville Voltigeurs : 0 - Hershey Bears : 1.
10:37 of 1st period - John Hayden wins face-off versus Kevin Rooney in neutral zone.
11:02 of 1st period - Derek Grant is hit by Dalton Prout and loses puck.
11:59 of 1st period - Slapshot by Julius Honka.
11:59 of 1st period - Shot Blocked by Teddy Blueger.
12:01 of 1st period - Backhand shot by Derek Grant.
12:01 of 1st period - Shot Misses the Net.
12:03 of 1st period - Slapshot by Sam Henley.
12:03 of 1st period - Deflect By Jean-Sebastien Dea.
12:03 of 1st period - Shot Misses the Net.
12:03 of 1st period - Puck is out of play.
12:04 of 1st period - Brendan Gaunce wins face-off versus Tye McGinn in Hershey Bears zone.
12:10 of 1st period - Icing by Tye McGinn.
12:11 of 1st period - Tye McGinn wins face-off versus John Hayden in Drummondville Voltigeurs zone.
12:27 of 1st period - Wrist shot by Tyler Pitlick.
12:27 of 1st period - Stopped by Mike McKenna with a rebound.
12:36 of 1st period - Off-side.
12:37 of 1st period - Kevin Rooney wins face-off versus Andy Miele in neutral zone.
12:52 of 1st period - Slapshot by Andy Miele.
12:52 of 1st period - Goal by Andy Miele - Drummondville Voltigeurs : 0 - Hershey Bears : 2.
12:53 of 1st period - Derek Grant wins face-off versus John Hayden in neutral zone.
12:58 of 1st period - Snap shot by Curtis McKenzie.
12:58 of 1st period - Stopped by Mike McKenna with a rebound.
13:18 of 1st period - Chris Thorburn is hit by Andy Miele.
13:21 of 1st period - Off-side.
13:22 of 1st period - Tye McGinn wins face-off versus Andy Miele in neutral zone.
13:24 of 1st period - Off-side.
13:25 of 1st period - Derek Grant wins face-off versus Andy Miele in neutral zone.
13:41 of 1st period - Wrist shot by Chris Bourque.
13:41 of 1st period - Deflect By Phillip Di Guiseppe.
13:41 of 1st period - Shot Misses the Net.
13:41 of 1st period - Puck is out of play.
13:42 of 1st period - Chris Thorburn wins face-off versus John Hayden in Drummondville Voltigeurs zone.
13:47 of 1st period - Snap shot by Tye McGinn.
13:47 of 1st period - Shot Misses the Net.
14:17 of 1st period - Kevin Rooney is hit by John Hayden and loses puck.
14:28 of 1st period - Snap shot by John Hayden.
14:28 of 1st period - Stopped by Nick Ellis with a rebound.
14:35 of 1st period - Icing by Kevin Tansey.
14:36 of 1st period - Kevin Rooney wins face-off versus Andy Miele in Drummondville Voltigeurs zone.
15:06 of 1st period - Mark Fraser is hit by Nick Sorensen and loses puck.
15:17 of 1st period - Wrist shot by Kevin Rooney.
15:17 of 1st period - Stopped by Mike McKenna without a rebound.
15:18 of 1st period - Brendan Gaunce wins face-off versus Derek Grant in Hershey Bears zone.
15:18 of 1st period - Brendan Gaunce is hit by Phillip Di Guiseppe.
15:24 of 1st period - Snap shot by Phillip Di Guiseppe.
15:24 of 1st period - Shot Misses the Net.
15:26 of 1st period - Wrist shot by Derek Grant.
15:26 of 1st period - Shot Misses the Net.
15:44 of 1st period - Chris Bourque is hit by Chris Thorburn and loses puck.
16:29 of 1st period - Carter Camper is hit by Sam Henley and loses puck.
17:00 of 1st period - Mark Fraser is hit by Kevin Connauton and loses puck.
17:11 of 1st period - Wrist shot by John Hayden.
17:11 of 1st period - Shot Blocked by Kevin Rooney.
17:13 of 1st period - Snap shot by John Hayden.
17:13 of 1st period - Stopped by Nick Ellis with a rebound.
17:15 of 1st period - Snap shot by Andrew Desjardins.
17:15 of 1st period - Shot Misses the Net.
17:17 of 1st period - Snap shot by Michael Kostka.
17:17 of 1st period - Stopped by Nick Ellis without a rebound.
17:18 of 1st period - Derek Grant wins face-off versus John Hayden in Drummondville Voltigeurs zone.
17:29 of 1st period - Wrist shot by Phillip Di Guiseppe.
17:29 of 1st period - Deflect By Derek Grant.
17:29 of 1st period - Goal by Derek Grant - Drummondville Voltigeurs : 1 - Hershey Bears : 2.
17:30 of 1st period - John Hayden wins face-off versus Derek Grant in neutral zone.
17:56 of 1st period - Andy Miele is hit by Tye McGinn and loses puck.
18:03 of 1st period - Wrist shot by Tye McGinn.
18:03 of 1st period - Stopped by Mike McKenna without a rebound.
18:04 of 1st period - Derek Grant wins face-off versus Andy Miele in Hershey Bears zone.
18:05 of 1st period - Wrist shot by Phillip Di Guiseppe.
18:05 of 1st period - Shot Misses the Net.
18:35 of 1st period - Snap shot by Andrew Desjardins.
18:35 of 1st period - Deflect By John Hayden.
18:35 of 1st period - Shot Misses the Net.
18:35 of 1st period - Puck is out of play.
18:36 of 1st period - John Hayden wins face-off versus Tye McGinn in Drummondville Voltigeurs zone.
18:46 of 1st period - Icing by Dalton Prout.
18:47 of 1st period - Derek Grant wins face-off versus John Hayden in Hershey Bears zone.
18:56 of 1st period - Snap shot by Curtis McKenzie.
18:56 of 1st period - Shot Misses the Net.
19:04 of 1st period - Kevin Connauton is hit by John Hayden and loses puck.
19:19 of 1st period - Backhand shot by John Hayden.
19:19 of 1st period - Shot Misses the Net.
19:21 of 1st period - Wrist shot by Andrew Desjardins.
19:21 of 1st period - Shot Hit the Post.
19:28 of 1st period - Minor Penalty to Dalton Prout for Roughing.
19:29 of 1st period - John Hayden wins face-off versus Tye McGinn in Hershey Bears zone.
19:53 of 1st period - Andy Miele is hit by Seth Helgeson and loses puck.
Goals for this period are 1 for Drummondville Voltigeurs vs 2 for Hershey Bears.
Shots for this period are 11 for Drummondville Voltigeurs vs 7 for Hershey Bears.

2nd period


0:01 of 2nd period - Derek Grant wins face-off versus John Hayden in neutral zone.
0:34 of 2nd period - Snap shot by Tye McGinn.
0:34 of 2nd period - Stopped by Mike McKenna with a rebound.
0:36 of 2nd period - Wrist shot by Tye McGinn.
0:36 of 2nd period - Goal by Tye McGinn - Drummondville Voltigeurs : 2 - Hershey Bears : 2.
0:37 of 2nd period - John Hayden wins face-off versus Derek Grant in neutral zone.
0:48 of 2nd period - Wrist shot by Phillip Di Guiseppe.
0:48 of 2nd period - Stopped by Mike McKenna without a rebound.
0:49 of 2nd period - Andy Miele wins face-off versus Derek Grant in Hershey Bears zone.
2:40 of 2nd period - Chris Thorburn is hit by Cory Conacher and loses puck.
2:48 of 2nd period - Icing by Sergei Boikov.
2:49 of 2nd period - John Hayden wins face-off versus Tye McGinn in Drummondville Voltigeurs zone.
2:56 of 2nd period - Wrist shot by Cory Conacher.
2:56 of 2nd period - Stopped by Nick Ellis with a rebound.
2:58 of 2nd period - Slapshot by Michael Kostka.
2:58 of 2nd period - Shot Blocked by Tyler Pitlick.
3:02 of 2nd period - Wrist shot by Cory Conacher.
3:02 of 2nd period - Deflect By Andrew Desjardins.
3:02 of 2nd period - Shot Blocked by Kevin Tansey.
3:02 of 2nd period - Puck is out of play.
3:03 of 2nd period - Derek Grant wins face-off versus Andy Miele in Drummondville Voltigeurs zone.
3:08 of 2nd period - Wrist shot by Curtis McKenzie.
3:08 of 2nd period - Stopped by Mike McKenna with a rebound.
3:10 of 2nd period - Wrist shot by Curtis McKenzie.
3:10 of 2nd period - Shot Misses the Net.
3:18 of 2nd period - Snap shot by Phillip Di Guiseppe.
3:18 of 2nd period - Shot Blocked by Dalton Prout.
3:28 of 2nd period - Kevin Rooney is hit by Andrew Desjardins and loses puck.
3:35 of 2nd period - Snap shot by Cory Conacher.
3:35 of 2nd period - Shot Misses the Net.
4:32 of 2nd period - Sam Henley is hit by Andy Miele and loses puck.
4:59 of 2nd period - Slapshot by Tyler Pitlick.
4:59 of 2nd period - Shot Misses the Net.
5:01 of 2nd period - Wrist shot by Tyler Pitlick.
5:01 of 2nd period - Goal by Tyler Pitlick - Drummondville Voltigeurs : 3 - Hershey Bears : 2.
5:02 of 2nd period - Derek Grant wins face-off versus John Hayden in neutral zone.
5:07 of 2nd period - Wrist shot by Curtis McKenzie.
5:07 of 2nd period - Shot Blocked by Cory Conacher.
5:09 of 2nd period - Snap shot by Kevin Tansey.
5:09 of 2nd period - Shot Blocked by John Hayden.
5:11 of 2nd period - Slapshot by Curtis McKenzie.
5:11 of 2nd period - Shot Blocked by Dalton Prout.
5:13 of 2nd period - Wrist shot by Phillip Di Guiseppe.
5:13 of 2nd period - Stopped by Mike McKenna with a rebound.
5:17 of 2nd period - Snap shot by Phillip Di Guiseppe.
5:17 of 2nd period - Shot Misses the Net.
6:14 of 2nd period - Off-side.
6:15 of 2nd period - John Hayden wins face-off versus Derek Grant in neutral zone.
6:24 of 2nd period - Snap shot by Cory Conacher.
6:24 of 2nd period - Shot Misses the Net.
6:26 of 2nd period - Wrist shot by Andrew Desjardins.
6:26 of 2nd period - Stopped by Nick Ellis with a rebound.
6:28 of 2nd period - Snap shot by Andrew Desjardins.
6:28 of 2nd period - Goal by Andrew Desjardins - Drummondville Voltigeurs : 3 - Hershey Bears : 3.
6:29 of 2nd period - Derek Grant wins face-off versus John Hayden in neutral zone.
6:37 of 2nd period - Slapshot by John Hayden.
6:37 of 2nd period - Stopped by Nick Ellis with a rebound.
6:52 of 2nd period - Icing by Dalton Prout.
6:53 of 2nd period - Andy Miele wins face-off versus Tye McGinn in Hershey Bears zone.
7:18 of 2nd period - Derek Grant is hit by Cory Conacher and loses puck.
7:23 of 2nd period - Snap shot by John Hayden.
7:23 of 2nd period - Stopped by Nick Ellis without a rebound.
7:24 of 2nd period - Derek Grant wins face-off versus John Hayden in Drummondville Voltigeurs zone.
7:31 of 2nd period - Slapshot by Phillip Di Guiseppe.
7:31 of 2nd period - Stopped by Mike McKenna with a rebound.
7:37 of 2nd period - Snap shot by Cory Conacher.
7:37 of 2nd period - Shot Misses the Net.
7:39 of 2nd period - Slapshot by Klas Dahlbeck.
7:39 of 2nd period - Shot Blocked by Alex Grant.
7:41 of 2nd period - Slapshot by Mark Fraser.
7:41 of 2nd period - Stopped by Nick Ellis with a rebound.
7:43 of 2nd period - Wrist shot by Mark Fraser.
7:43 of 2nd period - Shot Blocked by Phillip Di Guiseppe.
7:45 of 2nd period - Snap shot by Mark Fraser.
7:45 of 2nd period - Shot Misses the Net.
7:47 of 2nd period - Slapshot by Cory Conacher.
7:47 of 2nd period - Stopped by Nick Ellis without a rebound.
7:48 of 2nd period - Tye McGinn wins face-off versus Andy Miele in Drummondville Voltigeurs zone.
8:41 of 2nd period - Andy Miele is hit by Tye McGinn and loses puck.
8:58 of 2nd period - Wrist shot by Andy Miele.
8:58 of 2nd period - Stopped by Nick Ellis with a rebound.
9:34 of 2nd period - Snap shot by Tye McGinn.
9:34 of 2nd period - Stopped by Mike McKenna with a rebound.
9:36 of 2nd period - Snap shot by Tye McGinn.
9:36 of 2nd period - Shot Misses the Net.
10:27 of 2nd period - Icing by Tyler Wotherspoon.
10:28 of 2nd period - Derek Grant wins face-off versus Andy Miele in Hershey Bears zone.
10:29 of 2nd period - Wrist shot by Phillip Di Guiseppe.
10:29 of 2nd period - Stopped by Mike McKenna without a rebound.
10:30 of 2nd period - John Hayden wins face-off versus Derek Grant in Hershey Bears zone.
10:30 of 2nd period - John Hayden is hit by Curtis McKenzie.
10:38 of 2nd period - Wrist shot by Cory Conacher.
10:38 of 2nd period - Stopped by Nick Ellis with a rebound.
10:40 of 2nd period - Slapshot by Michael Kostka.
10:40 of 2nd period - Shot Blocked by Kevin Connauton.
10:42 of 2nd period - Wrist shot by Andrew Desjardins.
10:42 of 2nd period - Goal by Andrew Desjardins - Drummondville Voltigeurs : 3 - Hershey Bears : 4.
10:43 of 2nd period - Derek Grant wins face-off versus John Hayden in neutral zone.
10:53 of 2nd period - Snap shot by Phillip Di Guiseppe.
10:53 of 2nd period - Shot Misses the Net.
10:59 of 2nd period - Wrist shot by John Hayden.
10:59 of 2nd period - Stopped by Nick Ellis without a rebound.
11:00 of 2nd period - Kevin Rooney wins face-off versus Carter Camper in Drummondville Voltigeurs zone.
11:23 of 2nd period - Minor Penalty to Nick Sorensen for Roughing.
11:24 of 2nd period - Derek Grant wins face-off versus John Hayden in Drummondville Voltigeurs zone.
11:24 of 2nd period - Derek Grant is hit by Cory Conacher.
13:23 of 2nd period - Penalty to Nick Sorensen is over, Nick Sorensen is back on ice.
13:33 of 2nd period - Klas Dahlbeck is hit by Tyler Pitlick and loses puck.
14:02 of 2nd period - Sam Henley is hit by Andy Miele and loses puck.
14:23 of 2nd period - Slapshot by Kevin Connauton.
14:23 of 2nd period - Shot Misses the Net.
14:25 of 2nd period - Slapshot by Sam Henley.
14:25 of 2nd period - Shot Blocked by Tyler Wotherspoon.
14:58 of 2nd period - Icing by Seth Helgeson.
14:59 of 2nd period - Colby Cave wins face-off versus Jean-Sebastien Dea in Drummondville Voltigeurs zone.
15:25 of 2nd period - Snap shot by Curtis McKenzie.
15:25 of 2nd period - Shot Misses the Net.
15:27 of 2nd period - Slapshot by Kevin Tansey.
15:27 of 2nd period - Shot Blocked by Andrew Desjardins.
16:35 of 2nd period - Snap shot by Mike Blunden.
16:35 of 2nd period - Stopped by Nick Ellis without a rebound.
16:36 of 2nd period - Colby Cave wins face-off versus Kevin Rooney in Drummondville Voltigeurs zone.
16:59 of 2nd period - Kevin Connauton is hit by Colby Cave and loses puck.
17:55 of 2nd period - Slapshot by Nick Sorensen.
17:55 of 2nd period - Stopped by Mike McKenna with a rebound.
18:05 of 2nd period - Carter Camper is hit by Kevin Tansey and loses puck.
18:37 of 2nd period - Backhand shot by Mark Olver.
18:37 of 2nd period - Stopped by Mike McKenna with a rebound.
19:07 of 2nd period - Wrist shot by Nick Sorensen.
19:07 of 2nd period - Deflect By Colby Cave.
19:07 of 2nd period - Stopped by Mike McKenna without a rebound.
19:08 of 2nd period - Derek Grant wins face-off versus John Hayden in Hershey Bears zone.
19:09 of 2nd period - Backhand shot by Curtis McKenzie.
19:09 of 2nd period - Shot Misses the Net.
19:33 of 2nd period - Chris Thorburn is hit by Andy Miele and loses puck.
19:45 of 2nd period - Minor Penalty to Michael Kostka for Slashing.
19:46 of 2nd period - John Hayden wins face-off versus Derek Grant in Hershey Bears zone.
19:50 of 2nd period - Minor Penalty to Curtis McKenzie for Roughing.
19:51 of 2nd period - John Hayden wins face-off versus Jean-Sebastien Dea in Drummondville Voltigeurs zone.
19:54 of 2nd period - Wrist shot by John Hayden.
19:54 of 2nd period - Deflect By Derek Grant.
19:54 of 2nd period - Goal by John Hayden - Drummondville Voltigeurs : 3 - Hershey Bears : 5.
19:54 of 2nd period - Adam Wilcox enters game.
19:55 of 2nd period - Derek Grant wins face-off versus John Hayden in neutral zone.
Goals for this period are 2 for Drummondville Voltigeurs vs 3 for Hershey Bears.
Shots for this period are 12 for Drummondville Voltigeurs vs 13 for Hershey Bears.

3rd period


0:01 of 3rd period - John Hayden wins face-off versus Derek Grant in neutral zone.
0:08 of 3rd period - Snap shot by John Hayden.
0:08 of 3rd period - Stopped by Adam Wilcox with a rebound.
1:18 of 3rd period - Snap shot by Colby Cave.
1:18 of 3rd period - Deflect By Mike Blunden.
1:18 of 3rd period - Stopped by Adam Wilcox with a rebound.
1:45 of 3rd period - Penalty to Michael Kostka is over, Michael Kostka is back on ice.
1:50 of 3rd period - Penalty to Curtis McKenzie is over, Curtis McKenzie is back on ice.
1:51 of 3rd period - Wrist shot by Cory Conacher.
1:51 of 3rd period - Shot Blocked by Julius Honka.
1:53 of 3rd period - Snap shot by John Hayden.
1:53 of 3rd period - Stopped by Adam Wilcox with a rebound.
1:55 of 3rd period - Snap shot by Mark Fraser.
1:55 of 3rd period - Stopped by Adam Wilcox with a rebound.
1:57 of 3rd period - Wrist shot by Michael Kostka.
1:57 of 3rd period - Stopped by Adam Wilcox with a rebound.
1:59 of 3rd period - Slapshot by John Hayden.
1:59 of 3rd period - Stopped by Adam Wilcox with a rebound.
2:01 of 3rd period - Slapshot by Mark Fraser.
2:01 of 3rd period - Deflect By Julius Honka.
2:01 of 3rd period - Stopped by Adam Wilcox without a rebound.
2:02 of 3rd period - Andy Miele wins face-off versus Tye McGinn in Drummondville Voltigeurs zone.
2:35 of 3rd period - Slapshot by Carter Camper.
2:35 of 3rd period - Shot Blocked by Curtis McKenzie.
2:37 of 3rd period - Wrist shot by Mike Blunden.
2:37 of 3rd period - Deflect By Colby Cave.
2:37 of 3rd period - Goal by Colby Cave - Drummondville Voltigeurs : 3 - Hershey Bears : 6.
2:38 of 3rd period - Derek Grant wins face-off versus John Hayden in neutral zone.
2:49 of 3rd period - Snap shot by Derek Grant.
2:49 of 3rd period - Stopped by Mike McKenna with a rebound.
3:18 of 3rd period - Slapshot by Cory Conacher.
3:18 of 3rd period - Shot Misses the Net.
3:20 of 3rd period - Slapshot by Michael Kostka.
3:20 of 3rd period - Deflect By Andrew Desjardins.
3:20 of 3rd period - Stopped by Adam Wilcox with a rebound.
3:22 of 3rd period - Slapshot by Michael Kostka.
3:22 of 3rd period - Deflect By John Hayden.
3:22 of 3rd period - Shot Misses the Net.
3:22 of 3rd period - Puck is out of play.
3:23 of 3rd period - Derek Grant wins face-off versus Andy Miele in Drummondville Voltigeurs zone.
3:48 of 3rd period - Mike Blunden is hit by Seth Helgeson.
4:30 of 3rd period - Wrist shot by Cory Conacher.
4:30 of 3rd period - Shot Blocked by Mark Olver.
4:44 of 3rd period - Snap shot by Chris Wagner.
4:44 of 3rd period - Shot Misses the Net.
4:46 of 3rd period - Snap shot by Andy Miele.
4:46 of 3rd period - Stopped by Adam Wilcox with a rebound.
4:48 of 3rd period - Slapshot by Chris Wagner.
4:48 of 3rd period - Shot Misses the Net.
4:58 of 3rd period - Snap shot by Carter Camper.
4:58 of 3rd period - Shot Misses the Net.
5:00 of 3rd period - Snap shot by Colby Cave.
5:00 of 3rd period - Shot Misses the Net.
5:02 of 3rd period - Slapshot by Nicolas Deslauriers.
5:02 of 3rd period - Stopped by Adam Wilcox without a rebound.
5:03 of 3rd period - Colby Cave wins face-off versus Phillip Di Guiseppe in Drummondville Voltigeurs zone.
5:12 of 3rd period - Wrist shot by Colby Cave.
5:12 of 3rd period - Shot Blocked by Derek Grant.
5:14 of 3rd period - Backhand shot by Mike Blunden.
5:14 of 3rd period - Shot Misses the Net.
5:16 of 3rd period - Snap shot by Carter Camper.
5:16 of 3rd period - Deflect By Colby Cave.
5:16 of 3rd period - Shot Misses the Net.
5:16 of 3rd period - Puck is out of play.
5:17 of 3rd period - John Hayden wins face-off versus Derek Grant in Drummondville Voltigeurs zone.
5:24 of 3rd period - Snap shot by John Hayden.
5:24 of 3rd period - Shot Misses the Net.
5:26 of 3rd period - Snap shot by Andrew Desjardins.
5:26 of 3rd period - Stopped by Adam Wilcox with a rebound.
5:28 of 3rd period - Snap shot by Andrew Desjardins.
5:28 of 3rd period - Deflect By John Hayden.
5:28 of 3rd period - Goal by John Hayden - Drummondville Voltigeurs : 3 - Hershey Bears : 7.
5:29 of 3rd period - John Hayden wins face-off versus Derek Grant in neutral zone.
6:14 of 3rd period - Michael Kostka is hit by Seth Helgeson and loses puck.
6:43 of 3rd period - Slapshot by Cory Conacher.
6:43 of 3rd period - Goal by Cory Conacher - Drummondville Voltigeurs : 3 - Hershey Bears : 8.
6:44 of 3rd period - John Hayden wins face-off versus Phillip Di Guiseppe in neutral zone.
6:47 of 3rd period - Phillip Di Guiseppe is hit by Mark Fraser and loses puck.
7:44 of 3rd period - Nick Sorensen is hit by Michael Kostka and loses puck.
8:07 of 3rd period - Sam Henley is hit by Andrew Desjardins and loses puck.
8:42 of 3rd period - Wrist shot by Cristoval Nieves.
8:42 of 3rd period - Shot Blocked by Derek Grant.
8:48 of 3rd period - Wrist shot by Cristoval Nieves.
8:48 of 3rd period - Shot Misses the Net.
8:50 of 3rd period - Wrist shot by Teddy Blueger.
8:50 of 3rd period - Stopped by Adam Wilcox without a rebound.
8:51 of 3rd period - Andy Miele wins face-off versus Tye McGinn in Drummondville Voltigeurs zone.
9:41 of 3rd period - Tyler Wotherspoon is hit by Kevin Connauton and loses puck.
10:00 of 3rd period - Sergei Boikov is hit by Brendan Gaunce and loses puck.
10:07 of 3rd period - Teddy Blueger is hit by Kevin Tansey and loses puck.
10:20 of 3rd period - Snap shot by Curtis McKenzie.
10:20 of 3rd period - Stopped by Mike McKenna without a rebound.
10:21 of 3rd period - Tye McGinn wins face-off versus John Hayden in Hershey Bears zone.
10:23 of 3rd period - Tye McGinn beats up Klas Dahlbeck.
10:23 of 3rd period - Penalty to Klas Dahlbeck for Fighting.
10:23 of 3rd period - Penalty to Tye McGinn for Fighting.
10:24 of 3rd period - John Hayden wins face-off versus Kevin Rooney in Hershey Bears zone.
10:38 of 3rd period - Snap shot by Cory Conacher.
10:38 of 3rd period - Shot Misses the Net.
10:40 of 3rd period - Slapshot by Andrew Desjardins.
10:40 of 3rd period - Shot Misses the Net.
11:10 of 3rd period - Kevin Rooney is hit by Michael Kostka and loses puck.
11:25 of 3rd period - Colby Cave is hit by Chris Thorburn and loses puck.
11:50 of 3rd period - Slapshot by Brendan Gaunce.
11:50 of 3rd period - Shot Misses the Net.
12:04 of 3rd period - Backhand shot by Cory Conacher.
12:04 of 3rd period - Shot Misses the Net.
12:26 of 3rd period - Derek Grant is hit by Colby Cave and loses puck.
12:56 of 3rd period - Brendan Gaunce is hit by Kevin Tansey and loses puck.
13:03 of 3rd period - Brendan Gaunce is hit by Chris Thorburn and loses puck.
13:16 of 3rd period - Slapshot by Kevin Connauton.
13:16 of 3rd period - Shot Misses the Net.
13:28 of 3rd period - Alex Grant is hit by Andy Miele and loses puck.
13:33 of 3rd period - Wrist shot by Chris Bourque.
13:33 of 3rd period - Stopped by Adam Wilcox with a rebound.
13:35 of 3rd period - Snap shot by Andy Miele.
13:35 of 3rd period - Shot Misses the Net.
13:37 of 3rd period - Wrist shot by Dalton Prout.
13:37 of 3rd period - Deflect By Phillip Di Guiseppe.
13:37 of 3rd period - Stopped by Adam Wilcox with a rebound.
13:39 of 3rd period - Snap shot by Dalton Prout.
13:39 of 3rd period - Shot Blocked by Alex Grant.
14:01 of 3rd period - Tyler Pitlick is hit by Tyler Wotherspoon and loses puck.
14:06 of 3rd period - Wrist shot by Cory Conacher.
14:06 of 3rd period - Shot Misses the Net.
14:08 of 3rd period - Wrist shot by Cory Conacher.
14:08 of 3rd period - Shot Misses the Net.
14:56 of 3rd period - Colby Cave is hit by Derek Grant and loses puck.
15:38 of 3rd period - Kevin Tansey is hit by Mark Fraser and loses puck.
16:19 of 3rd period - Mark Olver is hit by Colby Cave and loses puck.
16:58 of 3rd period - Kevin Tansey is hit by Cory Conacher and loses puck.
18:09 of 3rd period - Slapshot by Cristoval Nieves.
18:09 of 3rd period - Stopped by Adam Wilcox with a rebound.
18:11 of 3rd period - Slapshot by Dalton Prout.
18:11 of 3rd period - Stopped by Adam Wilcox without a rebound.
18:12 of 3rd period - Tye McGinn wins face-off versus John Hayden in Drummondville Voltigeurs zone.
18:25 of 3rd period - Mark Fraser is hit by Curtis McKenzie and loses puck.
18:38 of 3rd period - Slapshot by Julius Honka.
18:38 of 3rd period - Shot Blocked by Klas Dahlbeck.
19:08 of 3rd period - Chris Bourque is hit by Sergei Boikov and loses puck.
19:29 of 3rd period - Snap shot by Brendan Gaunce.
19:29 of 3rd period - Shot Misses the Net.
19:59 of 3rd period - Icing by Tye McGinn.
Goals for this period are 0 for Drummondville Voltigeurs vs 3 for Hershey Bears.
Shots for this period are 2 for Drummondville Voltigeurs vs 19 for Hershey Bears.